Map: Newkirk Precinct TE (Void)

Players

RottingTomb - Winner!

  • Race: Zerg Zerg
  • League: Platinum
  • Spawn Location: 5:00

Fropez

  • Race: Protoss Protoss
  • League: Gold
  • Spawn Location: 7:00

VOD

Have the link to the VOD?

Description

Time

  • Played on: Jan. 16, 2017, 8:30 p.m.
  • Length: 15:36
Show
View Real Time Build Order
Export as new Build Order

RottingTomb Zerg - Winner!

Build Orders: Hatch First, Roach Nydus 

Get SALT Encoding   

  12  0:02  Drone  
  13  0:10  Drone  
  14  0:35  Hatchery  
  14  0:39  Drone  
  14  0:55  Spawning Pool  
  13  1:01  Drone  
  14  1:25  Overlord  
  14  1:28  Extractor  
  14  1:29  Drone  
  14  1:31  Extractor  
  14  1:32  Drone  
  14  1:37  Overlord  
  14  1:49  Drone  
  15  1:57  Drone  
  15  1:59  Queen  
  15  2:01  Queen  
  20  2:07  Drone  
  21  2:11  Drone  
  22  2:16  Drone  
  23  2:24  Metabolic Boost  
  23  2:32  Drone  
  23  2:33  Drone  
  25  2:45  Lair  
  25  2:48  Drone  
  26  2:59  Drone x3  
  29  3:10  Roach Warren  
  29  3:12  Drone  
  29  3:15  Drone  
  29  3:18  Drone  
  31  3:21  Drone  
  31  3:27  Overlord  
  32  3:32  Overlord  
  32  3:37  Zergling x2  
  32  3:38  Zergling x2  
  32  3:40  Zergling x2  
  35  3:48  Zergling x6  
  37  3:50  Zergling x2  
  37  3:53  Zergling x2  
  40  4:01  Nydus Network  
  39  4:12  Roach x3  
  39  4:14  Roach  
  47  4:19  Zergling x2  
  47  4:20  Zergling x2  
  49  4:29  Roach  
  49  4:55  Roach  
  50  5:00  Nydus Canal  
  50  5:06  Overlord x2  
  50  5:11  Glial Reconstitution  
  50  5:15  Evolution Chamber  
  43  5:44  Nydus Canal  
  43  5:47  Zergling x2  
  43  5:48  Zergling x2  
  45  5:51  Drone x2  
  45  5:52  Ravager  
  45  5:54  Roach x3  
  51  6:04  Roach  
  48  6:08  Burrow  
  45  6:13  Roach x2  
  45  6:17  Extractor, Drone  
  49  6:18  Extractor  
  49  6:23  Hatchery  
  47  6:29  Tunneling Claws, Drone x3  
  47  6:30  Drone x2  
  47  6:31  Overseer  
  52  6:39  Roach x2  
  58  6:40  Roach  
  58  6:41  Roach  
  60  6:51  Drone x2  
  60  6:52  Drone x2  
  64  6:56  Overseer  
  64  6:57  Overseer  
  64  7:00  Spore Crawler  
  63  7:02  Drone x2  
  65  7:10  Spore Crawler  
  64  7:16  Roach x2  
  68  7:29  Overlord  
  68  7:34  Queen  
  68  7:51  Nydus Canal  
  68  7:53  Roach  
  68  7:54  Roach x6  
  82  8:00  Overlord  
  82  8:02  Overlord  
  82  8:11  Overseer  
  76  8:41  Ravager  
  76  8:42  Ravager  
  47  9:12  Roach x2  
  47  9:13  Roach x6  
  47  9:14  Roach x5  
  67  9:30  Queen  
  67  9:31  Drone x3  
  71  9:38  Roach x4  
  80  9:40  Nydus Canal  
  80  9:44  Zergling x2  
  81  9:48  Spine Crawler  
  81  9:49  Spine Crawler  
  81  9:52  Spine Crawler  
  78  9:57  Roach  
  81  10:02  Roach x2  
  83  10:07  Roach  
  83  10:08  Roach x4  
  93  10:20  Overlord  
  93  10:21  Overlord  
  87  10:34  Roach x2  
  78  10:42  Nydus Canal  
  70  11:09  Roach x2  
  70  11:10  Roach x5  
  82  11:19  Nydus Canal  
  80  11:29  Drone  
  71  12:04  Overseer  
  71  12:06  Roach x3  
  71  12:07  Roach x3  
  83  12:17  Overlord  
  83  12:18  Queen  
  83  12:21  Queen  
  83  12:22  Overlord  
  87  12:24  Ravager  
  87  12:25  Ravager x4  
  87  12:26  Ravager x4  
  94  12:41  Overseer  
  94  12:54  Queen  
  94  12:56  Spore Crawler  
  95  13:10  Nydus Canal  
  95  13:15  Roach  
  95  13:16  Roach x4  
  80  14:01  Roach x2  
  80  14:02  Roach x5  
  94  14:03  Roach  
  94  14:06  Roach  
  88  14:10  Roach  
Show
View Real Time Build Order
Export as new Build Order

Fropez Protoss 

Build Orders: 1 Gate Expand 

Get SALT Encoding   

  12  0:01  Probe (Chrono Boost)  
  13  0:11  Probe (Chrono Boost)  
  14  0:18  Pylon  
  14  0:22  Probe (Chrono Boost)  
  15  0:37  Gateway  
  15  0:39  Probe (Chrono Boost)  
  16  0:49  Assimilator  
  16  0:50  Probe (Chrono Boost)  
  17  1:00  Probe (Chrono Boost)  
  19  1:11  Probe (Chrono Boost)  
  19  1:16  Assimilator  
  19  1:20  Pylon  
  19  1:35  Nexus  
  19  1:39  Probe (Chrono Boost)  
  20  1:57  Pylon  
  20  2:02  Cybernetics Core  
  20  2:09  Pylon  
  20  2:10  Probe (Chrono Boost)  
  21  2:22  Probe (Chrono Boost)  
  22  2:29  Gateway  
  22  2:33  Gateway  
  22  2:42  Gateway  
  22  2:49  Warp Gate  
  22  2:52  Forge  
  22  2:53  Probe (Chrono Boost)  
  22  3:01  Mothership Core (Chrono Boost)  
  22  3:05  Probe (Chrono Boost)  
  25  3:11  Stalker  
  27  3:37  Photon Cannon  
  27  3:39  Adept x2  
  27  3:40  Adept  
  33  3:44  Probe (Chrono Boost)  
  33  3:45  Probe (Chrono Boost)  
  35  3:52  Stalker  
  37  4:05  Pylon, Probe (Chrono Boost)  
  37  4:08  Assimilator  
  38  4:11  Pylon  
  38  4:15  Probe (Chrono Boost)  
  39  4:21  Probe (Chrono Boost)  
  40  4:25  Probe (Chrono Boost)  
  41  4:35  Adept  
  41  4:36  Adept x2  
  47  4:41  Probe (Chrono Boost)  
  47  4:43  Probe (Chrono Boost)  
  49  4:52  Assimilator  
  49  4:56  Pylon  
  49  5:09  Twilight Council  
  49  5:14  Protoss Ground Weapons Level 1  
  49  5:17  Robotics Facility  
  49  5:18  Probe (Chrono Boost)  
  49  5:19  Probe (Chrono Boost)  
  50  5:26  Stalker x2  
  52  5:38  Stalker  
  55  5:43  Probe (Chrono Boost)  
  55  5:46  Probe (Chrono Boost)  
  58  5:57  Probe x2 (Chrono Boost)  
  58  6:10  Probe (Chrono Boost)  
  59  6:15  Probe (Chrono Boost)  
  60  6:22  Probe (Chrono Boost)  
  61  6:25  Pylon  
  61  6:31  Gateway  
  61  6:35  Gateway  
  61  6:36  Pylon  
  61  6:37  Warp Prism  
  61  6:38  Probe (Chrono Boost)  
  61  6:39  Pylon, Probe (Chrono Boost)  
  65  6:58  Resonating Glaives  
  65  7:27  Probe x2 (Chrono Boost)  
  65  7:28  Dark Shrine  
  65  7:47  Probe x2 (Chrono Boost)  
  67  7:52  Adept x4  
  77  8:06  Probe x2 (Chrono Boost), Gateway  
  77  8:08  Gateway x2  
  77  8:11  Immortal  
  75  8:29  Stalker x2  
  75  8:30  Stalker  
  77  8:40  Dark Templar  
  78  8:57  Dark Templar x2  
  72  9:20  Pylon  
  72  9:23  Probe x2 (Chrono Boost)  
  72  9:24  Pylon  
  74  9:30  Pylon  
  74  9:44  Dark Templar x2  
  74  10:12  Dark Templar x2  
  60  11:05  Protoss Ground Weapons Level 2  
  60  11:06  Charge  
  60  11:07  Assimilator  
  58  11:14  Zealot x5  
  58  11:15  Zealot  
  67  11:30  Pylon  
  67  11:32  Pylon  
  67  11:39  Pylon  
  65  11:41  Zealot x2  
  65  11:42  Zealot x6  
  74  11:52  Dark Templar  
  68  12:23  Dark Templar x3  
  74  12:30  Archon  
  68  12:44  Zealot  
  68  12:45  Zealot x4  
  68  12:46  Zealot  
  81  13:20  Probe (Chrono Boost)  
  81  13:21  Observer  
  82  13:32  Probe (Chrono Boost)  
  81  13:44  Probe (Chrono Boost)  
  72  13:51  Nexus  
  72  13:53  Pylon  
  58  13:57  Zealot x6  
  58  13:58  Zealot  
Tags
 
Add a new tag
Caveats
  • Supply blocks, unpowered buildings, or Contaminate may cause inaccurate times.
  • Supply counts are checked every 10 seconds.